 Dungeon Crawl Stone Soup version 0.29-a0-352-g0917bc69df (webtiles) character file.

Game seed: 2788569050090914396

37 quokkamancerX the Cudgeller (level 3, -5/34 HPs)
             Began as a Naga Berserker on Apr 24, 2022.
             Was a Believer of Trog.
             Killed from afar by Sigmund (8 damage)
             ... with a puff of flame
             ... on level 2 of the Dungeon.
             The game lasted 00:05:03 (1465 turns).

quokkamancerX the Cudgeller (Naga Berserker)        Turns: 1465, Time: 00:05:08

Health: -5/34      AC:  3    Str: 21    XL:     3   Next: 41%
Magic:  0/3        EV:  9    Int:  7    God:    Trog [**....]
Gold:   60         SH:  0    Dex: 10    Spells: 2/2 levels left

rFire   . . .      SeeInvis +   a - +0 mace
rCold   . . .      Faith    .   (no shield)
rNeg    . . .      Spirit   +   d - +0 ring mail
rPois   +          Reflect  .   (no helmet)
rElec   .          Harm     .   (no cloak)
rCorr   .          Rampage  .   (no gloves)
Will    .....                   (no barding)
Stlth   ..........              e - amulet of guardian spirit
HPRegen 0.11/turn               (no ring)
MPRegen 0.08/turn               (no ring)

@: short of breath, on berserk cooldown, slowed, very slow
A: AC +1, large, see invisible, deformed body, poison resistance, slowness 2,
spit poison 1, naga tail 1
a: Spit Poison, Renounce Religion, Berserk, Trog's Hand


You were on level 2 of the Dungeon.
You worshipped Trog.
Trog was pleased with you.
You visited 1 branch of the dungeon, and saw 2 of its levels.

You collected 60 gold pieces.

Inventory:

Hand Weapons
 a - a +0 mace (weapon)
Armour
 d - a +0 ring mail (worn)
Jewellery
 e - an amulet of guardian spirit (around neck)
Scrolls
 b - a scroll of teleportation {unknown}
 g - a scroll of identify {unknown}
Potions
 c - a potion of resistance {unknown}
 f - a potion of magic {unknown}


   Skills:
 - Level 3.0 Fighting
 + Level 4.4 Maces & Flails
 - Level 1.5 Armour
 - Level 1.5 Dodging


You had 2 spell levels left.
You didn't know any spells.
Your spell library was empty.

Dungeon Overview and Level Annotations

Branches:
Dungeon (2/15)

Altars:

Annotations:
D:2 Sigmund


Innate Abilities, Weirdness & Mutations

Your serpentine skin is tough. (AC +1)
You have supernaturally acute eyesight. (SInv)
Armour fits poorly on your strangely shaped body.
Your system is resistant to poisons. (rPois)
You cover ground very slowly.
You can spit poison.
You have a snake-like lower body.


Message History

You hit Sigmund but do no damage.
Sigmund is almost dead.
The giant cockroach closely misses you.
The quokka bites you but does no damage.
Sigmund closely misses you. The giant cockroach closely misses you.
The quokka closely misses you.
You closely miss Sigmund.
Sigmund is almost dead.
The giant cockroach barely misses you. The quokka closely misses you.
Sigmund gestures at you while chanting. The puff of flame hits you.
* * * LOW HITPOINT WARNING * * *
The quokka bites you.
* * * LOW HITPOINT WARNING * * *
The giant cockroach bites you but does no damage.
Sigmund mumbles some strange words.
Sigmund flickers and vanishes for a moment.
You closely miss Sigmund.
Sigmund is almost dead.
The quokka misses you.
The giant cockroach bites you but does no damage.
Sigmund closely misses you. The quokka completely misses you.
The giant cockroach bites you.
* * * LOW HITPOINT WARNING * * *
The quokka bites you but does no damage.
Aiming: Spit Poison (2% risk of failure)
Press: ? - help, Q - select action, (/) - cycle Shift-Dir - straight line, f/p - Sigmund
Aim: Sigmund, wielding a +0 scythe and wearing a +0 robe (almost dead, slightly transparent, 54% to hit)
The splash of poison misses Sigmund.
The giant cockroach bites you but does no damage.
Sigmund closely misses you.
The quokka bites you but does no damage.
The giant cockroach bites you but does no damage.
You hit Sigmund but do no damage.
Sigmund is almost dead.
The giant cockroach bites you but does no damage.
The quokka bites you but does no damage.
Sigmund gestures at you while chanting. The puff of flame hits you!
You die...

#.. #. ... #.... #.
.... ... #. .... #..
##### ..... #.##
#.##....
.[..##..#######.##....
.................#....
#@r......##..##...
#@$......##..####.
#.B......##..# #.
#.......†##..# #.
#............# #.
#........#.†.# #.
#........#...# #.
#####..###...# #. #..#
#...# #. #..# #...# #.


You could see Sigmund (invisible), a quokka and a giant cockroach.

Vanquished Creatures
  A dart slug (D:1)
  3 endoplasms
  A giant cockroach (D:2)
  2 goblins
  3 hobgoblins (D:1)
  3 jackals (D:1)
  A quokka (D:1)
  5 ball pythons
  A frilled lizard (D:1)
  5 kobolds (D:1)
  7 rats
32 creatures vanquished.

Notes
Turn   | Place    | Note
-------+----------+-------------------------------------------
     0 | D:1      | quokkamancerX the Naga Berserker began the quest for the
                  | Orb.
     0 | D:1      | Reached XP level 1. HP: 21/21 MP: 1/1
   145 | D:1      | Reached XP level 2. HP: 28/28 MP: 2/2
   554 | D:1      | Reached ** piety under Trog
   555 | D:1      | Reached skill level 4 in Maces & Flails
   791 | D:1      | Reached XP level 3. HP: 34/34 MP: 3/3
  1442 | D:2      | Noticed Sigmund
  1465 | D:2      | Killed from afar by Sigmund

Illustrated notes

Levels and vault maps discovered:
D:1:      dpeg_arrival_three_same_balls, layout_loops_ring, serial_glass,
          glass_columns_a, glass_columns_a, glass_columns_a, glass_columns_b,
          glass_columns_b, glass_columns_b, glass_columns_a, glass_columns_b
D:2:      layout_basic, uniq_natasha, uniq_sigmund

Skill      XL: |  1  2 |
---------------+-------+-----
Maces & Flails | 4 |  4.4
Fighting       | |  3.0
Armour         | |  1.5
Dodging        | |  1.5

Action                   || total
-------------------------++-------
Melee: Mace              ||    84
Invok: Berserk           ||     2
 Abil: Spit Poison       ||     7
Armor: Ring mail         ||    40
Dodge: Dodged            ||    58

Table legend: (Time is in decaauts)
 A = Elapsed time spent in this place.
 B = Non-inter-level travel time spent in this place.
 C = Inter-level travel time spent in this place.
 D = Time resting spent in this place.
 E = Time spent auto-exploring this place.
 F = Levels seen in this place.
 G = Mean time per level.
                   A        B        C        D        E       F      G
               +--------+--------+--------+--------+--------+-----+--------+
         Total |   1857 |   1810 |     47 |    428 |    529 |   2 |  928.5 |
       Dungeon |   1857 |   1810 |     47 |    428 |    529 |   2 |  928.5 |
               +--------+--------+--------+--------+--------+-----+--------+

Top non-repeatable levels by time:
     D:1: 1441 daAuts
     D:2: 416 daAuts
